 Dungeon Crawl Stone Soup version 0.30-b1-2-g02819fbbbe (webtiles) character file.

Game seed: 3405674571856576156

43 LLlMATKO the Chopper (level 3, -8/49 HPs)
             Began as a Minotaur Berserker on Aug 10, 2023.
             Was a Believer of Trog.
             Mangled by an ogre
             ... wielding a +0 giant club
              (30 damage)
             ... on level 3 of the Dungeon.
             The game lasted 00:01:01 (1387 turns).

LLlMATKO the Chopper (Minotaur Berserker)           Turns: 1387, Time: 00:01:02

Health: -8/49      AC:  8    Str: 23    XL:     3   Next: 37%
Magic:  2/2        EV: 11    Int:  4    God:    Trog [**....]
Gold:   173        SH:  0    Dex:  9    Spells: 2/2 levels left

rFire   . . .        a - +0 hand axe
rCold   . . .        (no shield)
rNeg    . . .        f - +0 ring mail
rPois   .            (helmet restricted)
rElec   .            b - +2 cloak
rCorr   .            (no gloves)
SInv    .            (no boots)
Will    .....        (no amulet) Stlth
                     (no ring)
HPRegen 0.28/turn    (no ring)
MPRegen 0.08/turn

%: no passive effects
@: berserking, very quick
A: horns 2, retaliatory headbutt
a: Renounce Religion, Berserk, Trog's Hand


You were on level 3 of the Dungeon.
You worshipped Trog.
Trog was pleased with you.
You visited 1 branch of the dungeon, and saw 3 of its levels.

You collected 173 gold pieces.

Inventory:

Hand Weapons
 a - a +0 hand axe (weapon)
Missiles
 j - 6 poisoned darts (quivered)
Armour
 b - a +2 cloak (worn)
 f - a +0 ring mail (worn)
Scrolls
 d - a scroll of identify {unknown}
 e - 2 scrolls of torment {unknown}
Potions
 c - a potion of lignification {unknown}
 g - a potion of haste {unknown}
 h - a potion of curing {unknown}
 i - a potion of might {unknown}


   Skills:
 + Level 4.1 Fighting
 + Level 4.1 Axes
 + Level 3.1 Armour
 + Level 2.8 Dodging


You had 2 spell levels left.
You didn't know any spells.
Your spell library was empty.

Dungeon Overview and Level Annotations

Branches:
Dungeon (3/15)

Altars:


Innate Abilities, Weirdness & Mutations

You have a pair of horns on your head.
You reflexively headbutt those who attack you in melee.


Message History

Done exploring.
Done exploring.
(D) Dungeon
Where to? (Enter - D:2 @ (x,y), ? - help)
There is a stone staircase leading down here.
You climb downwards.
There is a stone staircase leading up here.
A hobgoblin comes into view.
The hobgoblin shouts!
No target in view!
A hobgoblin is nearby!
The hobgoblin barely misses you.
A hobgoblin is nearby!
You slash the hobgoblin!
You kill the hobgoblin!
Trog accepts your kill.
No target in view!
An ogre comes into view. It is wielding a +0 giant club.
You see here a hobgoblin corpse.
The ogre shouts!
An ogre is nearby!
You slash the ogre! You headbutt the ogre.
The ogre is heavily wounded.
The ogre completely misses you.
An ogre is nearby!
You hit the ogre.
The ogre is severely wounded.
An ogre is nearby!
You hit the ogre.
The ogre is almost dead.
The ogre hits you with a +0 giant club!!
Ouch! That really hurt!
You are too injured to fight recklessly!
An ogre is nearby!
You are too injured to fight recklessly!
A red film seems to cover your vision as you go berserk!
You feel yourself moving faster!
You feel mighty!
The ogre hits you with a +0 giant club!!
Ouch! That really hurt!
You die...

#....##.######
...#.......<....#
#........####.###
.#...#.......#
#.###.....###
#.#....##.#
#.#.#...#.#
.#.#.#.#†..#.# .
......O@...#... .
######.###.#.#....
#. ......## #.
.###. # .. .. .. #
... P..


You could see an ogre.

Vanquished Creatures
  A worm (D:2)
  5 ball pythons
  6 bats
  2 giant cockroaches (D:2)
  3 goblins
  8 hobgoblins
  4 quokkas (D:1)
  2 frilled lizards (D:2)
  3 kobolds
34 creatures vanquished.

Notes
Turn   | Place    | Note
-------+----------+-------------------------------------------
     0 | D:1      | LLlMATKO the Minotaur Berserker began the quest for the
                  | Orb.
     0 | D:1      | Reached XP level 1. HP: 19/19 MP: 0/0
    82 | D:1      | Found a faded altar of an unknown god.
   143 | D:1      | Reached XP level 2. HP: 20/27 MP: 1/1
   643 | D:2      | Reached XP level 3. HP: 16/33 MP: 2/2
   780 | D:2      | Reached ** piety under Trog
  1382 | D:3      | Noticed an ogre
  1387 | D:3      | Mangled by an ogre

Illustrated notes

Levels and vault maps discovered:
D:1:      dpeg_arrival_round_b, layout_rooms,
          hellmonk_ecumenical_altar_leap_of_faith, minmay_misc_feat_chi
D:2:      minmay_evil_eye, layout_basic
D:3:      layout_basic, kiku_gazebo_garden_becter, minivault_11,
          kennysheep_generic_room_9

Skill      XL: |  1  2 |
---------------+-------+-----
Fighting       | 4 |  4.1
Axes           | 4 |  4.1
Armour         | 3 |  3.1
Dodging        | |  2.8

Action                     || total
---------------------------++-------
  Melee: Hand axe          ||    67
         Headbutt          ||     7
         Punch             ||     1
 Invoke: Berserk           ||     1
 Armour: Animal skin       ||    13
         Ring mail         ||     6
  Dodge: Dodged            ||    44
